 Dungeon Crawl Stone Soup version 0.23.0 (webtiles) character file.

Game seed: 8007825167675688435

319 Nygeryga the Chopper (level 6, -3/56 HPs)
             Began as a Minotaur Fighter on Feb 10, 2019.
             Was an Initiate of Makhleb.
             Slain by a leopard gecko (4 damage)
             ... on level 5 of the Dungeon.
             The game lasted 00:07:28 (3097 turns).

Nygeryga the Chopper (Minotaur Fighter)             Turns: 3097, Time: 00:07:29

Health: -3/56      AC:  6    Str: 23    XL:     6   Next: 21%
Magic:  5/5        EV:  5    Int:  5    God:    Makhleb [......]
Gold:   97         SH: 13    Dex:  9    Spells: 5/5 levels left

rFire    . . .     SeeInvis .   g - +0 broad axe
rCold    . . .     Gourm    .   p - -1 large shield (curse)
rNeg     . . .     Faith    .   b - +0 scale mail
rPois    .         Spirit   .   (helmet restricted)
rElec    .         Reflect  .   r - scarf {repulsion}
rCorr    .         Harm     .   (no gloves)
MR       .....                  (no boots)
Stlth    ..........             (no amulet)
HPRegen  0.18/turn              (no ring)
MPRegen  0.09/turn              (no ring)

@: repel missiles
A: retaliatory headbutt, horns 2
a: Renounce Religion


You were on level 5 of the Dungeon.
You worshipped Makhleb.
Makhleb was noncommittal.
You were not hungry.

You visited 1 branch of the dungeon, and saw 5 of its levels.

You collected 97 gold pieces.

Inventory:

Hand Weapons
 a - a +0 war axe
 g - a +0 broad axe (weapon)
Armour
 b - a +0 scale mail (worn)
 c - a +0 shield
 p - a cursed -1 large shield (worn)
 r - a scarf of repulsion (worn)
Jewellery
 i - a +4 ring of strength {unknown}
Scrolls
 e - a scroll of amnesia {unknown}
 h - a scroll of enchant armour {unknown}
 j - a scroll of blinking {unknown}
 k - 3 scrolls of enchant weapon {unknown}
 n - 4 scrolls of identify {unknown}
 o - a scroll of noise {unknown}
 q - 2 scrolls of magic mapping {unknown}
 w - a scroll of teleportation {unknown}
Potions
 d - 4 potions of might
 l - a potion of berserk rage {unknown}
 m - a potion of degeneration {unknown}
 s - a potion of ambrosia {unknown}
 t - a potion of mutation {unknown}
 v - a potion of brilliance {unknown}
 x - 3 potions of invisibility {unknown}
Comestibles
 f - 6 rations
 u - 8 chunks of flesh


   Skills:
 + Level 5.1 Fighting
 * Level 7.1 Axes
 - Level 3.6 Armour
 - Level 3.6 Shields


You had 5 spell levels left.
You didn't know any spells.
Your spell library was empty.

Dungeon Overview and Level Annotations

Branches:
Dungeon (5/15)             Temple (0/1) D:4

Altars:
Makhleb

Annotations:
D:4 Sigmund


Innate Abilities, Weirdness & Mutations

You reflexively headbutt those who attack you in melee.
You have a pair of horns on your head.


Message History

You hit the ogre.
The ogre is moderately wounded.
Your shield and scale mail prevent you from hitting the leopard gecko.
The ogre hits you with a +0 giant club!
* * * LOW HITPOINT WARNING * * *
You block the leopard gecko's attack.
You slash the ogre!
The ogre is severely wounded.
You closely miss the leopard gecko.
The leopard gecko bites you but does no damage.
The ogre completely misses you. You furiously retaliate!
You headbutt the ogre!
You kill the ogre!
Makhleb accepts your kill.
Your Axes skill increases to level 7!
You have reached level 6!
Your experience leads to an increase in your attributes!
Increase (S)trength, (I)ntelligence, or (D)exterity?
You feel stronger. The leopard gecko bites you.
You die...

# #.#####
.#... ...
#$# #@#
#lS...$?#
#.#a.....
#.#......
#.# .....
#.. ..#.#
#.. .. #
#.# ##.


You could see a worker ant, an adder and a leopard gecko.

Vanquished Creatures
  An ogre (D:5)
  A hound (D:4)
  A jelly (D:3)
  A centaur skeleton (D:4)
  Natasha (twice) (D:3)
  2 adders
  A gnoll (D:3)
  2 worms (D:3)
  2 dart slugs
  2 leopard geckos
  3 orcs (D:3)
  A ball python (D:1)
  2 giant cockroaches
  2 hobgoblins
  10 jackals
  2 quokkas (D:2)
  4 bats
  2 frilled lizards (D:2)
  9 goblins
  A jackal skeleton (D:3)
  10 kobolds
  3 rats
64 creatures vanquished.

Notes
Turn   | Place    | Note
-------+----------+-------------------------------------------
     0 | D:1      | Nygeryga the Minotaur Fighter began the quest for the Orb.
     0 | D:1      | Reached XP level 1. HP: 19/19 MP: 0/0
   156 | D:1      | Reached XP level 2. HP: 27/27 MP: 1/1
   401 | D:2      | Reached skill level 3 in Axes
  1248 | D:3      | Reached XP level 3. HP: 34/34 MP: 2/2
  1358 | D:3      | Reached skill level 4 in Axes
  1409 | D:3      | Noticed a gnoll sergeant
  1414 | D:3      | Reached XP level 4. HP: 38/41 MP: 3/3
  2106 | D:3      | Noticed Natasha
  2115 | D:3      | Killed Natasha
  2115 | D:3      | Reached skill level 5 in Axes
  2208 | D:3      | Noticed Natasha
  2381 | D:3      | Killed Natasha
  2381 | D:3      | Reached XP level 5. HP: 32/47 MP: 4/4
  2816 | D:4      | Reached skill level 6 in Axes
  2822 | D:4      | Found a burning altar of Makhleb.
  2827 | D:4      | Reached skill level 5 in Fighting
  2897 | D:4      | Became a worshipper of Makhleb the Destroyer
  2910 | D:4      | Found a staircase to the Ecumenical Temple.
  3061 | D:4      | Noticed Sigmund
  3066 | D:4      | Noticed an ogre
  3094 | D:5      | Entered Level 5 of the Dungeon
  3096 | D:5      | HP: 1/48 [ogre/+0 giant club (14)]
  3097 | D:5      | Killed an ogre
  3097 | D:5      | Reached skill level 7 in Axes
  3097 | D:5      | Reached XP level 6. HP: 1/56 MP: 5/5
  3097 | D:5      | Slain by a leopard gecko

Skill      XL: |  1  2  3  4  5 |
---------------+----------------+-----
Fighting       | 4 5 |  5.1
Axes           | 3 4 5 7 |  7.1
Armour         | |  3.6
Shields        | |  3.6

Action                   |  1- 3 |  4- 6 || total
-------------------------+-------+-------++-------
Melee: War axe           |    75 |     5 ||    80
       Headbutt          |    10 |    19 ||    29
       Broad axe         |       |   104 ||   104
  Eat: Chunk             |     2 |     5 ||     7
Armor: Scale mail        |    31 |    52 ||    83
Dodge: Dodged            |    12 |    23 ||    35
Block: Shield            |    15 |       ||    15
       Large shield      |    26 |    86 ||   112
